 Dungeon Crawl Stone Soup version 0.26-a0-812-g31a745ddcd (webtiles) character file.

Game seed: 10300222841692859105

15 Lanoc the Magician (level 2, 0/20 HPs)
             Began as a Hill Orc Hedge Wizard on Nov 21, 2020.
             Slain by a jackal (3 damage)
             ... on level 2 of the Dungeon.
             The game lasted 00:02:00 (650 turns).

Lanoc the Magician (Hill Orc Hedge Wizard)           Turns: 650, Time: 00:02:01

Health: 0/20       AC:  2    Str: 12    XL:     2   Next: 50%
Magic:  4/5        EV: 12    Int: 14    God:
Gold:   35         SH:  0    Dex: 10    Spells: 2/5 levels left

rFire    . . .     SeeInvis +   a - +0 dagger
rCold    . . .     Faith    .   (no shield)
rNeg     . . .     Spirit   .   b - +0 robe
rPois    .         Reflect  .   c - +0 hat
rElec    .         Harm     .   (no cloak)
rCorr    .         Rampage  .   (no gloves)
MR       .....                  (no boots)
Stlth    ++........             (no amulet)
HPRegen  0.06/turn              f - ring of see invisible
MPRegen  0.09/turn              (no ring)

@: no status effects
A: no striking features
a: no special abilities


You were on level 2 of the Dungeon.
You visited 1 branch of the dungeon, and saw 2 of its levels.

You collected 35 gold pieces.

Inventory:

Hand Weapons
 a - a +0 dagger (weapon)
Armour
 b - a +0 robe (worn)
 c - a +0 hat (worn)
Jewellery
 f - a ring of see invisible (left hand)
Scrolls
 d - a scroll of identify {unknown}
 e - a scroll of remove curse {unknown}


   Skills:
 + Level 1.9 Dodging
 - Level 1.5 Stealth
 - Level 2.4 Spellcasting
 * Level 2.0 Conjurations
 - Level 1.0 Summonings
   Level 0.7 Translocations


You had 2 spell levels left.
You knew the following spells:

 Your Spells              Type           Power        Failure   Level
a - Magic Dart            Conj           #...         10%         1
b - Call Imp              Summ           #.......     22%         2

Your spell library contained the following spells:

 Spells                   Type           Power        Failure   Level
 Blink                    Tloc           N/A          26%         2
 Slow                     Hex            #.......     34%         2
 Conjure Flame            Conj/Fire      #.......     41%         3
 Mephitic Cloud           Conj/Pois/Air  #.......     45%         3
 Iskenderun's Battlesphe  Conj           #.......     95%         5
 Bolt of Magma            Conj/Fire/Erth #.........   99%         5
 Iron Shot                Conj/Erth      #.........   100%        6
 Orb of Destruction       Conj           #.........   100%        7
 Spellforged Servitor     Conj/Summ      #.........   100%        7


Dungeon Overview and Level Annotations

Branches:
Dungeon (2/15)

Altars:


Message History

Your crimson imp completely misses the jackal.
You barely miss the jackal.
The jackal is heavily wounded.
The jackal barely misses you. The jackal closely misses you.
Your crimson imp hits the jackal.
You barely miss the jackal.
The jackal is heavily wounded.
The jackal barely misses you. The jackal misses you. The jackal bites you. x2
Your crimson imp hits the jackal but does no damage.
You hit the jackal.
You kill the jackal!
The jackal closely misses you.
You hit the jackal.
You kill the jackal!
The quokka bites you.
* * * LOW HITPOINT WARNING * * *
Your crimson imp closely misses the quokka.
Your crimson imp hits the quokka but does no damage.
The jackal bites you.
You die...

#.# #. #.# #. #?# #. ##
#.# .. ..###.## ###.
.....## ... #....#
#.##### #@#.##
..#.#.....####h#..######
#.......#...†r.........#
##.#########†5.........#
♣ ##..........#
#..........#
###.##.######
#...##...###
#.#.##.....##


You could see a quokka, a jackal and a friendly crimson imp (summoned).

Vanquished Creatures
  An adder (D:1)
  A ball python (D:1)
  A hobgoblin (D:1)
  2 jackals (D:2)
  A frilled lizard (D:1)
6 creatures vanquished.

Vanquished Creatures (collateral kills)
  A jackal (D:2)
1 creature vanquished.

Grand Total: 7 creatures vanquished

Notes
Turn   | Place    | Note
-------+----------+-------------------------------------------
     0 | D:1      | Lanoc the Hill Orc Hedge Wizard began the quest for the
                  | Orb.
     0 | D:1      | Reached XP level 1. HP: 14/14 MP: 3/3
   251 | D:1      | Reached XP level 2. HP: 5/20 MP: 0/5
   564 | D:1      | Learned a level 2 spell: Call Imp
   650 | D:2      | Slain by a jackal

Illustrated notes

Levels and vault maps discovered:
D:1:      saegor_arrival_miasma, layout_basic, item_on_display_a
D:2:      layout_rooms, minmay_tree_intersection, kennysheep_small_spiral

Skill      XL: |  1 |
---------------+----+-----
Conjurations   | 2 |  2.0
Dodging        | |  1.9
Stealth        | |  1.5
Spellcasting   | |  2.4
Summonings     | |  1.0
Translocations | |  0.7

Action                   || total
-------------------------++-------
Melee: Dagger            ||    27
 Cast: Magic Dart        ||    11
       Call Imp          ||     1
Armor: Robe              ||     6
Dodge: Dodged            ||    28

Table legend: (Time is in decaauts)
 A = Elapsed time spent in this place.
 B = Non-inter-level travel time spent in this place.
 C = Inter-level travel time spent in this place.
 D = Time resting spent in this place.
 E = Time spent auto-exploring this place.
 F = Levels seen in this place.
 G = Mean time per level.
                   A        B        C        D        E       F      G
               +--------+--------+--------+--------+--------+-----+--------+
         Total |    651 |    645 |      6 |    299 |    227 |   2 |  325.5 |
       Dungeon |    651 |    645 |      6 |    299 |    227 |   2 |  325.5 |
               +--------+--------+--------+--------+--------+-----+--------+

Top non-repeatable levels by time:
     D:1: 525 daAuts
     D:2: 125 daAuts
